Map: Zen LE

Players

DPGPartinG (PartinG) - Winner!

  • Race: Protoss Protoss
  • League: Grandmaster
  • Spawn Location: 7:00

llllllllllll (Trap)

  • Race: Protoss Protoss
  • League: Master
  • Spawn Location: 1:00

VOD

Have the link to the VOD?

Description

Time

  • Played on: Jan. 16, 2020, 8:38 a.m.
  • Length: 7:19
Show
View Real Time Build Order
Export as new Build Order

DPGPartinG Protoss - Winner!

Build Orders: Oracle Opening, Phoenix Opening 

Get SALT Encoding   

  12  0:00  Probe  
  13  0:12  Probe  
  14  0:17  Pylon  
  14  0:25  Probe (Chrono Boost)  
  15  0:36  Gateway  
  15  0:37  Probe (Chrono Boost)  
  16  0:44  Probe (Chrono Boost)  
  16  0:45  Assimilator  
  17  0:51  Probe  
  17  0:56  Assimilator  
  18  1:03  Probe (Chrono Boost)  
  19  1:07  Gateway  
  19  1:12  Probe (Chrono Boost)  
  19  1:17  Probe (Chrono Boost)  
  20  1:25  Cybernetics Core  
  20  1:29  Probe  
  21  1:39  Pylon  
  21  1:42  Probe  
  22  1:55  Probe  
  23  2:01  Stargate  
  23  2:02  Warp Gate  
  23  2:10  Stalker  
  23  2:12  Pylon  
  25  2:19  Stalker  
  27  2:40  Probe  
  28  2:44  Oracle (Chrono Boost)  
  31  3:00  Shield Battery  
  31  3:06  Nexus  
  31  3:11  Oracle (Chrono Boost)  
  31  3:17  Shield Battery  
  35  3:20  Probe  
  35  3:31  Shield Battery  
  31  3:49  Probe  
  32  3:56  Phoenix (Chrono Boost)  
  32  4:01  Probe  
  35  4:12  Pylon  
  35  4:14  Probe  
  36  4:18  Probe  
  36  4:19  Phoenix (Chrono Boost)  
  39  4:26  Probe  
  39  4:30  Probe  
  41  4:36  Phoenix  
  43  4:38  Probe  
  43  4:41  Shield Battery  
  43  4:42  Probe  
  45  4:46  Assimilator  
  45  4:51  Twilight Council  
  45  4:53  Probe  
  45  4:55  Probe  
  47  5:05  Probe  
  48  5:07  Probe  
  48  5:13  Stalker x2  
  53  5:16  Pylon  
  53  5:24  Pylon  
  53  5:25  Probe x2  
  55  5:32  Dark Shrine  
  55  5:36  Shield Battery  
  55  5:41  Probe x2 (Chrono Boost)  
  57  5:44  Assimilator  
  57  5:53  Probe (Chrono Boost)  
  57  5:54  Probe (Chrono Boost)  
  59  6:02  Probe x2 (Chrono Boost)  
  61  6:07  Probe (Chrono Boost)  
  61  6:08  Probe  
  63  6:11  Shield Battery  
  63  6:21  Sentry x2  
  63  6:24  Pylon  
  67  6:29  Gateway, Robotics Facility  
  67  6:30  Probe  
  68  6:33  Probe  
  69  6:40  Gateway  
  69  6:41  Gateway  
  69  6:48  Dark Templar  
  69  6:51  Dark Templar  
  73  7:08  Gateway, Pylon  
  73  7:13  Pylon  
  73  7:14  Forge  
  73  7:16  Pylon  
Show
View Real Time Build Order
Export as new Build Order

llllllllllll Protoss 

Build Orders: Oracle Opening, Phoenix Opening 

Get SALT Encoding   

  12  0:00  Probe  
  13  0:12  Probe  
  14  0:17  Pylon  
  14  0:24  Probe (Chrono Boost)  
  15  0:36  Probe (Chrono Boost)  
  15  0:38  Gateway  
  16  0:44  Probe (Chrono Boost)  
  16  0:48  Assimilator  
  17  0:51  Probe  
  17  0:54  Assimilator  
  18  1:03  Probe (Chrono Boost)  
  19  1:10  Gateway  
  19  1:14  Probe (Chrono Boost)  
  20  1:19  Probe (Chrono Boost)  
  20  1:25  Cybernetics Core  
  21  1:29  Probe  
  22  1:36  Pylon  
  21  1:41  Probe  
  22  1:53  Probe  
  23  2:00  Adept  
  23  2:01  Warp Gate, Adept  
  27  2:11  Pylon  
  27  2:16  Stargate  
  27  2:19  Probe  
  28  2:30  Adept  
  28  2:32  Adept  
  32  2:47  Pylon  
  32  2:56  Oracle (Chrono Boost)  
  32  3:03  Adept x2  
  39  3:17  Shield Battery  
  42  3:43  Phoenix  
  42  3:47  Nexus  
  35  3:49  Probe  
  36  4:01  Probe  
  37  4:20  Twilight Council  
  37  4:22  Probe  
  38  4:34  Probe  
  38  4:35  Sentry  
  38  4:36  Stalker  
  43  4:46  Probe (Chrono Boost)  
  44  4:53  Pylon  
  44  4:56  Probe (Chrono Boost)  
  46  5:01  Probe (Chrono Boost)  
  46  5:06  Probe (Chrono Boost), Stalker  
  44  5:09  Probe (Chrono Boost)  
  44  5:13  Probe (Chrono Boost)  
  43  5:20  Blink (Chrono Boost)  
  43  5:26  Probe x2 (Chrono Boost)  
  47  5:36  Probe x2 (Chrono Boost)  
  47  5:41  Probe x2 (Chrono Boost)  
  48  5:49  Stalker x2  
  53  5:53  Probe x2  
  52  6:01  Gateway  
  52  6:05  Probe  
  51  6:13  Stalker x2  
  51  6:17  Probe x2 (Chrono Boost)  
  57  6:18  Pylon  
  57  6:29  Probe (Chrono Boost)  
  57  6:30  Assimilator  
  57  6:31  Assimilator  
  59  6:33  Probe (Chrono Boost)  
  59  6:35  Probe (Chrono Boost)  
  59  6:37  Forge  
  60  6:40  Probe  
  60  6:43  Probe, Stalker  
  64  6:47  Stalker  
  64  6:53  Probe  
  67  6:55  Probe  
  67  6:59  Stalker  
  70  7:09  Robotics Facility  
Tags
 
Add a new tag
Caveats
  • Supply blocks, unpowered buildings, or Contaminate may cause inaccurate times.
  • Supply counts are checked every 10 seconds.